Punishers vs Senators
Created - April 8, 2018 at 19:48
Goals
|
| Punishers |
0 |
1 |
3 |
4 |
| Senators |
1 |
2 |
4 |
7 |
|
Shots
|
| Punishers |
5 |
16 |
13 |
34 |
| Senators |
6 |
17 |
18 |
41 |
|
1st period
1. Senators , Marc-André Bernier 27 (Matt Frattin 30) at 19:21
Penalties :
Patrick Bordeleau (BIN) for Hooking (Minor) at 5:10, Dylan Blujus (BIN) for Tripping (Minor) at 13:21
2nd period
2. Senators , Gabriel Bourque 39 (Stephane Da Costa 57) at 1:26
3. Senators , Chris Thorburn 49 (Stephane Da Costa 58, Jeff Petry 19) at 2:12
4. Punishers , Robbie Earl 34 (David Laliberté 42, Luke Adam 33) at 8:50
Penalties :
Tommy Wingels (BIN) for Close Hand On Puck (Minor) at 3:51, Garret Ross (Pro) for Hooking (Minor) at 6:16, Mattias Tedenby (Pro) for Boarding (Minor) at 17:36
3rd period
5. Senators , Chris Thorburn 50 (Ian Cole 45, Gabriel Bourque 50) at 0:10
6. Punishers , David Laliberté 36 (Robbie Earl 52, Oscar Sundqvist 10) at 1:26
7. Punishers , Robbie Earl 35 (Nick Schultz 35, David Rundblad 47) at 4:11
8. Senators , Chris Thorburn 51 (Stephane Da Costa 59) at 9:23
9. Senators , Chris Thorburn 52 (Gabriel Bourque 51, Stephane Da Costa 60) at 14:21
10. Senators , Gabriel Bourque 40 (Stephane Da Costa 61, Arturs Kulda 7) at 14:39 (PP)
11. Punishers , David Laliberté 37 (Adam McQuaid 16, Robbie Earl 53) at 18:21
Penalties :
David Laliberté (Pro) for Elbowing (Minor) at 9:36, Colton Gillies (Pro) for Delaying the game (Minor) at 14:24, Casey Cizikas (Pro) for Interference (Minor) at 15:11
Goalie Stats
Niklas Svedberg (Pro), 34 saves from 41 shots - (0.829), L, 26-26-9, 60:00 minutes
Brad Thiessen (BIN), 30 saves from 34 shots - (0.882), W, 33-19-3, 60:00 minutes
Players Stats for Punishers
Player Name G A P +/- PIM S H SB GA TA FO MP PP MP PK MP
------------------------------------------------------------------------------------
Adam McQuaid 0 1 1 0 0 1 0 0 1 0 0/0 21:36 2:20 3:15
Carter Ashton 0 0 0 0 0 0 0 0 0 0 0/0 4:40 0:00 0:00
Casey Cizikas 0 0 0 -1 2 3 1 0 0 0 9/20 20:00 2:41 2:15
Colton Gillies 0 0 0 -2 2 1 3 0 0 0 1/1 18:33 2:41 1:52
Damon Severson 0 0 0 -1 0 0 0 0 0 1 0/0 9:36 0:00 0:00
David Laliberté 2 1 3 2 2 7 1 0 1 0 0/2 22:46 3:08 3:33
David Rundblad 0 1 1 -1 0 1 2 4 2 0 0/0 27:29 3:37 5:01
Garret Ross 0 0 0 -2 2 3 4 0 0 0 0/2 14:30 0:00 2:18
Jordan Schmaltz 0 0 0 -1 0 1 0 0 0 0 0/0 9:21 0:00 0:00
Luke Adam 0 1 1 1 0 5 1 1 0 1 15/25 19:40 3:16 1:29
Mattias Tedenby 0 0 0 -2 2 1 0 1 1 0 0/0 16:35 2:41 0:00
Miikka Salomaki 0 0 0 -2 0 0 1 0 0 0 0/2 11:12 0:08 0:00
Nick Schultz 0 1 1 -1 0 3 1 0 0 0 0/0 29:28 3:37 5:01
Oscar Sundqvist 0 1 1 -2 0 1 0 2 0 0 2/5 10:56 0:00 0:00
Radek Faksa 0 0 0 0 0 1 0 0 0 0 0/2 5:26 0:00 0:17
Robbie Earl 2 2 4 2 0 4 4 2 0 1 4/8 26:12 3:16 4:33
Stefan Elliott 0 0 0 0 0 2 1 2 0 0 0/0 20:56 2:20 3:10
Trevor Van Riemsdyk 0 0 0 0 0 0 0 0 0 0 0/0 2:48 0:00 0:00
Players Stats for Senators
Player Name G A P +/- PIM S H SB GA TA FO MP PP MP PK MP
------------------------------------------------------------------------------------
Arturs Kulda 0 1 1 0 0 3 3 1 0 2 0/0 28:25 4:38 3:47
Chandler Stephenson 0 0 0 0 0 0 0 0 0 0 0/0 0:10 0:10 0:00
Chris Thorburn 4 0 4 5 0 6 0 0 0 0 2/5 21:48 4:07 1:58
Dylan Blujus 0 0 0 -1 2 0 1 1 0 1 0/0 10:42 0:00 0:00
Freddie Hamilton 0 0 0 0 0 0 0 0 0 0 0/0 0:10 0:10 0:00
Gabriel Bourque 2 2 4 5 0 6 2 2 0 0 2/2 22:36 4:07 3:12
Ian Cole 0 1 1 0 0 4 2 2 0 2 0/0 26:21 4:38 3:47
Jarrod Maidens 0 0 0 0 0 0 0 0 0 0 0/0 1:34 0:00 1:08
Jeff Petry 0 1 1 3 0 2 2 1 0 0 0/0 20:52 3:33 2:10
Keegan Lowe 0 0 0 0 0 0 0 0 0 0 0/0 2:04 0:00 0:00
Logan Stephenson 0 0 0 3 0 2 0 2 0 0 0/0 20:52 3:33 2:10
Marc-André Bernier 1 0 1 -2 0 3 1 0 1 0 0/0 12:08 0:00 0:00
Matt Frattin 0 1 1 0 0 7 0 0 1 0 1/2 15:08 3:54 0:00
Olli Maatta 0 0 0 -1 0 0 0 0 0 0 0/0 10:43 0:00 0:00
Patrick Bordeleau 0 0 0 0 2 0 4 0 1 0 1/2 15:07 3:54 0:00
Phil Di Giuseppe 0 0 0 -1 0 2 0 0 0 0 0/0 6:47 0:00 0:00
Ryan Dzingel 0 0 0 -2 0 1 4 0 0 0 0/0 12:58 0:00 0:50
Shane Prince 0 0 0 -2 0 0 1 0 0 0 2/6 12:08 0:00 0:00
Stephane Da Costa 0 5 5 5 0 3 0 0 0 0 20/35 22:49 4:17 3:15
Tomas Jurco 0 0 0 -1 0 1 0 0 0 0 0/0 6:47 0:00 0:00
Tommy Wingels 0 0 0 0 2 1 2 0 0 0 7/12 16:47 3:54 1:14
Zemgus Girgensons 0 0 0 -1 0 0 0 0 0 0 1/3 7:04 0:00 0:17
3 Stars
1 - Chris Thorburn (BIN)
2 - Gabriel Bourque (BIN)
3 - Stephane Da Costa (BIN)
Power Play
Punishers - 0 on 3 Attempt(s) - 0.00%
Senators - 1 on 5 Attempt(s) - 20.00%
Penalty Kill
Punishers - 4 on 5 Attempt(s) - 80.00%
- Score 0 goal in Penalty Kill
Senators - 3 on 3 Attempt(s) - 100.00%
- Score 0 goal in Penalty Kill
Team Stat
Punishers - Hits : 19 - Faceoff Wins : 31 - Blocked Shots : 12 - Penalty Minutes : 10
Senators - Hits : 22 - Faceoff Wins : 36 - Blocked Shots : 9 - Penalty Minutes : 6
Official
Referees : Hasenfratz Mike and McCauley Wes
Linesman : Brian Mach and Scott Driscoll
Game Notes
Chris Thorburn has scored a Hat Trick!
Finance
Level 1 -- Attendance: 1612 (80.60%) -- Ticket Income $53,196
Level 2 -- Attendance: 758 (75.80%) -- Ticket Income $11,370
Total Attendance: 2370 (79.00%)
Total Ticket Income: $64,566
Other Income: $3,228
Total Income: $67,794
Punishers
5 vs 5 Forward
Center Left Wing Right Wing Time % Phy DF OF
1 Luke Adam Robbie Earl David Laliberté 40 1 2 2
2 Casey Cizikas Colton Gillies Mattias Tedenby 30 1 2 2
3 Oscar Sundqvist Garret Ross Miikka Salomaki 20 1 2 2
4 Radek Faksa Robbie Earl Carter Ashton 10 1 2 2
5 vs 5 Defense
Defense Defense Time % Phy DF OF
1 Nick Schultz David Rundblad 40 1 2 2
2 Adam McQuaid Stefan Elliott 30 1 2 2
3 Damon Severson Jordan Schmaltz 20 1 2 2
4 Trevor Van Riemsdyk Nick Schultz 10 1 2 2
PowerPlay Forward
Center Left Wing Right Wing Time % Phy DF OF
1 Luke Adam Robbie Earl David Laliberté 60 1 2 2
2 Casey Cizikas Colton Gillies Mattias Tedenby 40 1 2 2
PowerPlay Defense
Defense Defense Time % Phy DF OF
1 Nick Schultz David Rundblad 60 1 2 2
2 Adam McQuaid Stefan Elliott 40 1 2 2
Penalty Kill 4 Players Forward
Center Wing Time % Phy DF OF
1 Robbie Earl David Laliberté 60 1 2 2
2 Luke Adam Casey Cizikas 40 1 2 2
Penalty Kill 4 Players Defense
Defense Defense Time % Phy DF OF
1 Nick Schultz David Rundblad 60 1 2 2
2 Adam McQuaid Stefan Elliott 40 1 2 2
Penalty Kill - 3 Players Forward
Forward Time % Phy DF OF
1 Robbie Earl 60 1 2 2
2 David Laliberté 40 1 2 2
Penalty Kill - 3 Players Defense
Defense Defense Time % Phy DF OF
1 Nick Schultz David Rundblad 60 1 2 2
2 Adam McQuaid Stefan Elliott 40 1 2 2
4 vs 4 Forward
Center Wing Time % Phy DF OF
1 Robbie Earl David Laliberté 60 1 2 2
2 Luke Adam Casey Cizikas 40 1 2 2
4 vs 4 Defense
Defense Defense Time % Phy DF OF
1 Nick Schultz David Rundblad 60 1 2 2
2 Adam McQuaid Stefan Elliott 40 1 2 2
Last Minutes Offensive
Center Left Wing Right Wing Defense Defense
Luke Adam Robbie Earl David Laliberté Nick Schultz David Rundblad
Last Minutes Defensive
Center Left Wing Right Wing Defense Defense
Luke Adam Robbie Earl David Laliberté Nick Schultz David Rundblad
Goaltenders
Starting : Niklas Svedberg
Backup : Louis Domingue
Extra Forwards
Normal : Miikka Salomaki, Oscar Sundqvist, Garret Ross - PP : Miikka Salomaki, Oscar Sundqvist - PK : Garret Ross
Extra Defensemen
Normal : Damon Severson, Jordan Schmaltz, Trevor Van Riemsdyk - PP : Damon Severson - PK : Jordan Schmaltz, Trevor Van Riemsdyk
Penalty Shots
Robbie Earl, David Laliberté, Luke Adam, Casey Cizikas, Mattias Tedenby
Scratches
Mark Jankowski (Healthy), Dan Bertram (Healthy), Mark McNeill (Healthy), Dylan DeMelo (Healthy), Erik Nystrom (Healthy)
Tanner Glass (Sprained Right Knee Injury), Patrick Wiercioch (Torn Left Knee Ligaments Injury)
Senators
5 vs 5 Forward
Center Left Wing Right Wing Time % Phy DF OF
1 Stephane Da Costa Gabriel Bourque Chris Thorburn 40 1 2 2
2 Tommy Wingels Patrick Bordeleau Matt Frattin 30 1 2 2
3 Shane Prince Ryan Dzingel Marc-André Bernier 20 1 2 2
4 Zemgus Girgensons Phil Di Giuseppe Tomas Jurco 10 1 2 2
5 vs 5 Defense
Defense Defense Time % Phy DF OF
1 Arturs Kulda Ian Cole 40 1 2 2
2 Logan Stephenson Jeff Petry 30 1 2 2
3 Olli Maatta Dylan Blujus 20 1 2 2
4 Keegan Lowe Arturs Kulda 10 1 2 2
PowerPlay Forward
Center Left Wing Right Wing Time % Phy DF OF
1 Stephane Da Costa Gabriel Bourque Chris Thorburn 60 1 2 2
2 Tommy Wingels Patrick Bordeleau Matt Frattin 40 1 2 2
PowerPlay Defense
Defense Defense Time % Phy DF OF
1 Arturs Kulda Ian Cole 60 1 2 2
2 Logan Stephenson Jeff Petry 40 1 2 2
Penalty Kill 4 Players Forward
Center Wing Time % Phy DF OF
1 Stephane Da Costa Gabriel Bourque 60 1 2 2
2 Chris Thorburn Tommy Wingels 40 1 2 2
Penalty Kill 4 Players Defense
Defense Defense Time % Phy DF OF
1 Arturs Kulda Ian Cole 60 1 2 2
2 Logan Stephenson Jeff Petry 40 1 2 2
Penalty Kill - 3 Players Forward
Forward Time % Phy DF OF
1 Stephane Da Costa 60 1 2 2
2 Gabriel Bourque 40 1 2 2
Penalty Kill - 3 Players Defense
Defense Defense Time % Phy DF OF
1 Arturs Kulda Ian Cole 60 1 2 2
2 Logan Stephenson Jeff Petry 40 1 2 2
4 vs 4 Forward
Center Wing Time % Phy DF OF
1 Stephane Da Costa Gabriel Bourque 60 1 2 2
2 Chris Thorburn Tommy Wingels 40 1 2 2
4 vs 4 Defense
Defense Defense Time % Phy DF OF
1 Arturs Kulda Ian Cole 60 1 2 2
2 Logan Stephenson Jeff Petry 40 1 2 2
Last Minutes Offensive
Center Left Wing Right Wing Defense Defense
Stephane Da Costa Gabriel Bourque Chris Thorburn Arturs Kulda Ian Cole
Last Minutes Defensive
Center Left Wing Right Wing Defense Defense
Stephane Da Costa Gabriel Bourque Chris Thorburn Arturs Kulda Ian Cole
Goaltenders
Starting : Brad Thiessen
Backup : Ben Bishop
Extra Forwards
Normal : Freddie Hamilton, Chandler Stephenson, Jarrod Maidens - PP : Freddie Hamilton, Chandler Stephenson - PK : Jarrod Maidens
Extra Defensemen
Normal : Olli Maatta, Dylan Blujus, Keegan Lowe - PP : Olli Maatta - PK : Dylan Blujus, Keegan Lowe
Penalty Shots
Stephane Da Costa, Gabriel Bourque, Chris Thorburn, Tommy Wingels, Matt Frattin
Scratches
Shane Sims (Healthy), Matt Murray (Healthy), Matt Tomkins (Healthy)
% Time on Ice - Punishers
Lines # - Real PCT - Wanted PCT - Time Play
Normal Forward
1 - 36% - 40% - 16:36
2 - 30% - 30% - 13:54
3 - 23% - 20% - 10:42
4 - 10% - 10% - 4:40
Normal Defense
1 - 40% - 40% - 18:33
2 - 34% - 30% - 15:26
3 - 20% - 20% - 9:21
4 - 6% - 10% - 2:32
PP Forward
1 - 55% - 60% - 3:16
2 - 45% - 40% - 2:41
PP Defense
1 - 61% - 60% - 3:37
2 - 39% - 40% - 2:20
PK Forward
1 - 82% - 60% - 6:42
2 - 18% - 40% - 1:29
PK Defense
1 - 61% - 60% - 5:01
2 - 39% - 40% - 3:10
PK3 Forward
1 - 0% - 60%
2 - 0% - 40%
PK3 Defense
1 - 0% - 60%
2 - 0% - 40%
44 Forward
1 - 0% - 60%
2 - 0% - 40%
44 Defense
1 - 0% - 60%
2 - 0% - 40%
Last Minute Offensive - 0:00
Last Minute Defensive - 0:00
Total
Forward - 60:00
Defense - 60:00
|
% Time on Ice - Senators
Lines # - Real PCT - Wanted PCT - Time Play
Normal Forward
1 - 33% - 40% - 15:17
2 - 25% - 30% - 11:40
3 - 26% - 20% - 12:08
4 - 15% - 10% - 6:47
Normal Defense
1 - 39% - 40% - 17:56
2 - 33% - 30% - 15:09
3 - 23% - 20% - 10:43
4 - 5% - 10% - 2:04
PP Forward
1 - 52% - 60% - 4:17
2 - 48% - 40% - 3:54
PP Defense
1 - 57% - 60% - 4:38
2 - 43% - 40% - 3:33
PK Forward
1 - 67% - 60% - 3:59
2 - 33% - 40% - 1:58
PK Defense
1 - 64% - 60% - 3:47
2 - 36% - 40% - 2:10
PK3 Forward
1 - 0% - 60%
2 - 0% - 40%
PK3 Defense
1 - 0% - 60%
2 - 0% - 40%
44 Forward
1 - 0% - 60%
2 - 0% - 40%
44 Defense
1 - 0% - 60%
2 - 0% - 40%
Last Minute Offensive - 0:00
Last Minute Defensive - 0:00
Total
Forward - 60:00
Defense - 60:00
|
Play by Play
1st period
0:01 of 1st period - Luke Adam wins face-off versus Stephane Da Costa in neutral zone.
0:08 of 1st period - Wrist shot by Luke Adam.
0:08 of 1st period - Shot Blocked by Ian Cole.
2:09 of 1st period - Damon Severson is hit by Shane Prince and loses puck.
2:28 of 1st period - Slapshot by Casey Cizikas.
2:28 of 1st period - Shot Misses the Net.
2:57 of 1st period - Icing by Keegan Lowe.
2:58 of 1st period - Tommy Wingels wins face-off versus Radek Faksa in Senators zone.
3:05 of 1st period - Wrist shot by Tommy Wingels.
3:05 of 1st period - Shot Blocked by Robbie Earl.
3:18 of 1st period - Off-side.
3:19 of 1st period - Stephane Da Costa wins face-off versus Casey Cizikas in neutral zone.
4:00 of 1st period - Logan Stephenson is hit by Miikka Salomaki and loses puck.
4:42 of 1st period - Olli Maatta is hit by Robbie Earl and loses puck.
4:47 of 1st period - Snap shot by Robbie Earl.
4:47 of 1st period - Shot Misses the Net.
5:01 of 1st period - David Rundblad is hit by Dylan Blujus and loses puck.
5:10 of 1st period - Minor Penalty to Patrick Bordeleau for Hooking.
5:11 of 1st period - Luke Adam wins face-off versus Stephane Da Costa in Senators zone.
5:24 of 1st period - Slapshot by Luke Adam.
5:24 of 1st period - Stopped by Brad Thiessen without a rebound.
5:25 of 1st period - Luke Adam wins face-off versus Stephane Da Costa in Senators zone.
5:26 of 1st period - Snap shot by Robbie Earl.
5:26 of 1st period - Stopped by Brad Thiessen with a rebound.
7:10 of 1st period - Penalty to Patrick Bordeleau is over, Patrick Bordeleau is back on ice.
7:15 of 1st period - Arturs Kulda is hit by Garret Ross and loses puck.
7:28 of 1st period - Olli Maatta is hit by Stefan Elliott.
7:40 of 1st period - Robbie Earl is hit by Ryan Dzingel and loses puck.
8:22 of 1st period - Garret Ross is hit by Arturs Kulda and loses puck.
8:51 of 1st period - Wrist shot by Ryan Dzingel.
8:51 of 1st period - Stopped by Niklas Svedberg without a rebound.
8:52 of 1st period - Casey Cizikas wins face-off versus Shane Prince in Punishers zone.
8:52 of 1st period - Casey Cizikas is hit by Ryan Dzingel.
9:26 of 1st period - Matt Frattin is hit by Garret Ross.
9:36 of 1st period - Colton Gillies is hit by Ryan Dzingel and loses puck.
10:20 of 1st period - Snap shot by Phil Di Giuseppe.
10:20 of 1st period - Stopped by Niklas Svedberg with a rebound.
10:32 of 1st period - Arturs Kulda is hit by Robbie Earl and loses puck.
11:03 of 1st period - Wrist shot by Miikka Salomaki.
11:03 of 1st period - Shot Misses the Net.
11:09 of 1st period - Colton Gillies is hit by Jeff Petry and loses puck.
11:33 of 1st period - David Laliberté is hit by Patrick Bordeleau and loses puck.
13:14 of 1st period - Icing by David Rundblad.
13:15 of 1st period - Casey Cizikas wins face-off versus Shane Prince in Punishers zone.
13:21 of 1st period - Minor Penalty to Dylan Blujus for Tripping.
13:22 of 1st period - Luke Adam wins face-off versus Stephane Da Costa in Senators zone.
13:22 of 1st period - Backhand shot by David Laliberté.
13:22 of 1st period - Shot Misses the Net.
13:28 of 1st period - Snap shot by Luke Adam.
13:28 of 1st period - Shot Misses the Net.
13:30 of 1st period - Slapshot by Stefan Elliott.
13:30 of 1st period - Shot Misses the Net.
13:32 of 1st period - Snap shot by Luke Adam.
13:32 of 1st period - Shot Misses the Net.
13:34 of 1st period - Slapshot by Stefan Elliott.
13:34 of 1st period - Stopped by Brad Thiessen with a rebound.
13:36 of 1st period - Wrist shot by Robbie Earl.
13:36 of 1st period - Shot Blocked by Arturs Kulda.
13:38 of 1st period - Snap shot by Luke Adam.
13:38 of 1st period - Stopped by Brad Thiessen without a rebound.
13:39 of 1st period - Stephane Da Costa wins face-off versus Casey Cizikas in Senators zone.
15:21 of 1st period - Penalty to Dylan Blujus is over, Dylan Blujus is back on ice.
16:33 of 1st period - David Laliberté is hit by Tommy Wingels and loses puck.
16:48 of 1st period - Robbie Earl is hit by Marc-André Bernier and loses puck.
17:07 of 1st period - Olli Maatta is hit by Robbie Earl and loses puck.
17:19 of 1st period - Icing by Tomas Jurco.
17:20 of 1st period - Casey Cizikas wins face-off versus Zemgus Girgensons in Senators zone.
17:35 of 1st period - Slapshot by Mattias Tedenby.
17:35 of 1st period - Deflect By Tomas Jurco.
17:35 of 1st period - Stopped by Brad Thiessen without a rebound.
17:36 of 1st period - Stephane Da Costa wins face-off versus Miikka Salomaki in Senators zone.
17:49 of 1st period - Nick Schultz is hit by Gabriel Bourque and loses puck.
18:04 of 1st period - Wrist shot by Matt Frattin.
18:04 of 1st period - Stopped by Niklas Svedberg with a rebound.
18:06 of 1st period - Slapshot by Arturs Kulda.
18:06 of 1st period - Shot Misses the Net.
18:08 of 1st period - Slapshot by Arturs Kulda.
18:08 of 1st period - Shot Misses the Net.
18:10 of 1st period - Wrist shot by Tommy Wingels.
18:10 of 1st period - Shot Misses the Net.
18:12 of 1st period - Slapshot by Ian Cole.
18:12 of 1st period - Stopped by Niklas Svedberg with a rebound.
18:14 of 1st period - Slapshot by Arturs Kulda.
18:14 of 1st period - Stopped by Niklas Svedberg with a rebound.
19:21 of 1st period - Wrist shot by Marc-André Bernier.
19:21 of 1st period - Goal by Marc-André Bernier - Punishers : 0 - Senators : 1.
19:22 of 1st period - Casey Cizikas wins face-off versus Stephane Da Costa in neutral zone.
19:28 of 1st period - Icing by Stephane Da Costa.
19:29 of 1st period - Gabriel Bourque wins face-off versus Casey Cizikas in Senators zone.
19:38 of 1st period - Arturs Kulda is hit by Colton Gillies and loses puck.
19:55 of 1st period - Tommy Wingels is hit by Nick Schultz and loses puck.
Goals for this period are 0 for Punishers vs 1 for Senators.
Shots for this period are 5 for Punishers vs 6 for Senators.
2nd period
0:01 of 2nd period - Luke Adam wins face-off versus Stephane Da Costa in neutral zone.
0:45 of 2nd period - Wrist shot by Luke Adam.
0:45 of 2nd period - Stopped by Brad Thiessen with a rebound.
0:47 of 2nd period - Slapshot by Robbie Earl.
0:47 of 2nd period - Shot Blocked by Jeff Petry.
0:49 of 2nd period - Slapshot by Nick Schultz.
0:49 of 2nd period - Shot Blocked by Logan Stephenson.
0:51 of 2nd period - Wrist shot by David Laliberté.
0:51 of 2nd period - Shot Misses the Net.
0:53 of 2nd period - Snap shot by David Rundblad.
0:53 of 2nd period - Deflect By Robbie Earl.
0:53 of 2nd period - Stopped by Brad Thiessen with a rebound.
0:55 of 2nd period - Slapshot by David Laliberté.
0:55 of 2nd period - Stopped by Brad Thiessen with a rebound.
0:57 of 2nd period - Snap shot by Luke Adam.
0:57 of 2nd period - Deflect By Logan Stephenson.
0:57 of 2nd period - Stopped by Brad Thiessen with a rebound.
0:59 of 2nd period - Slapshot by Nick Schultz.
0:59 of 2nd period - Stopped by Brad Thiessen with a rebound.
1:20 of 2nd period - Snap shot by David Laliberté.
1:20 of 2nd period - Stopped by Brad Thiessen without a rebound.
1:21 of 2nd period - Stephane Da Costa wins face-off versus Casey Cizikas in Senators zone.
1:26 of 2nd period - Wrist shot by Gabriel Bourque.
1:26 of 2nd period - Goal by Gabriel Bourque - Punishers : 0 - Senators : 2.
1:27 of 2nd period - Stephane Da Costa wins face-off versus Casey Cizikas in neutral zone.
1:38 of 2nd period - Wrist shot by Casey Cizikas.
1:38 of 2nd period - Stopped by Brad Thiessen with a rebound.
1:40 of 2nd period - Wrist shot by Colton Gillies.
1:40 of 2nd period - Shot Misses the Net.
1:42 of 2nd period - Wrist shot by Colton Gillies.
1:42 of 2nd period - Stopped by Brad Thiessen with a rebound.
2:06 of 2nd period - Wrist shot by Stephane Da Costa.
2:06 of 2nd period - Shot Misses the Net.
2:12 of 2nd period - Snap shot by Chris Thorburn.
2:12 of 2nd period - Goal by Chris Thorburn - Punishers : 0 - Senators : 3.
2:13 of 2nd period - Tommy Wingels wins face-off versus David Laliberté in neutral zone.
2:16 of 2nd period - Slapshot by Ian Cole.
2:16 of 2nd period - Shot Misses the Net.
3:07 of 2nd period - Backhand shot by Garret Ross.
3:07 of 2nd period - Shot Blocked by Logan Stephenson.
3:09 of 2nd period - Slapshot by Miikka Salomaki.
3:09 of 2nd period - Shot Blocked by Gabriel Bourque.
3:29 of 2nd period - Slapshot by Matt Frattin.
3:29 of 2nd period - Stopped by Niklas Svedberg without a rebound.
3:30 of 2nd period - Casey Cizikas wins face-off versus Chris Thorburn in Punishers zone.
3:35 of 2nd period - Slapshot by Stephane Da Costa.
3:35 of 2nd period - Shot Misses the Net.
3:42 of 2nd period - Icing by Mattias Tedenby.
3:43 of 2nd period - Tommy Wingels wins face-off versus Casey Cizikas in Punishers zone.
3:46 of 2nd period - Backhand shot by Matt Frattin.
3:46 of 2nd period - Stopped by Niklas Svedberg without a rebound.
3:47 of 2nd period - Luke Adam wins face-off versus Tommy Wingels in Punishers zone.
3:51 of 2nd period - Minor Penalty to Tommy Wingels for Close Hand On Puck.
3:52 of 2nd period - Luke Adam wins face-off versus Stephane Da Costa in Senators zone.
4:17 of 2nd period - Gabriel Bourque is hit by David Rundblad and loses puck.
5:49 of 2nd period - Stefan Elliott is hit by Arturs Kulda and loses puck.
5:51 of 2nd period - Penalty to Tommy Wingels is over, Tommy Wingels is back on ice.
5:56 of 2nd period - Casey Cizikas is hit by Tommy Wingels and loses puck.
6:16 of 2nd period - Minor Penalty to Garret Ross for Hooking.
6:17 of 2nd period - Robbie Earl wins face-off versus Tommy Wingels in Punishers zone.
6:27 of 2nd period - Slapshot by Jeff Petry.
6:27 of 2nd period - Stopped by Niklas Svedberg without a rebound.
6:28 of 2nd period - Patrick Bordeleau wins face-off versus Robbie Earl in Punishers zone.
6:37 of 2nd period - Snap shot by Matt Frattin.
6:37 of 2nd period - Shot Blocked by David Rundblad.
6:39 of 2nd period - Slapshot by Matt Frattin.
6:39 of 2nd period - Shot Blocked by David Rundblad.
8:16 of 2nd period - Penalty to Garret Ross is over, Garret Ross is back on ice.
8:44 of 2nd period - Slapshot by Garret Ross.
8:44 of 2nd period - Stopped by Brad Thiessen without a rebound.
8:45 of 2nd period - Luke Adam wins face-off versus Shane Prince in Senators zone.
8:50 of 2nd period - Backhand shot by Robbie Earl.
8:50 of 2nd period - Goal by Robbie Earl - Punishers : 1 - Senators : 3.
8:51 of 2nd period - Luke Adam wins face-off versus Stephane Da Costa in neutral zone.
9:02 of 2nd period - Snap shot by Robbie Earl.
9:02 of 2nd period - Shot Blocked by Ian Cole.
9:50 of 2nd period - Marc-André Bernier is hit by Garret Ross and loses puck.
10:05 of 2nd period - Slapshot by Stefan Elliott.
10:05 of 2nd period - Stopped by Brad Thiessen without a rebound.
10:06 of 2nd period - Stephane Da Costa wins face-off versus Radek Faksa in Senators zone.
10:13 of 2nd period - Snap shot by Gabriel Bourque.
10:13 of 2nd period - Shot Blocked by Robbie Earl.
10:15 of 2nd period - Snap shot by Stephane Da Costa.
10:15 of 2nd period - Stopped by Niklas Svedberg without a rebound.
10:16 of 2nd period - Chris Thorburn wins face-off versus Luke Adam in Punishers zone.
10:55 of 2nd period - Slapshot by Stephane Da Costa.
10:55 of 2nd period - Stopped by Niklas Svedberg with a rebound.
10:57 of 2nd period - Slapshot by Logan Stephenson.
10:57 of 2nd period - Shot Misses the Net.
10:59 of 2nd period - Snap shot by Chris Thorburn.
10:59 of 2nd period - Stopped by Niklas Svedberg without a rebound.
11:00 of 2nd period - Tommy Wingels wins face-off versus Luke Adam in Punishers zone.
11:27 of 2nd period - Ryan Dzingel is hit by David Rundblad and loses puck.
11:32 of 2nd period - Wrist shot by Oscar Sundqvist.
11:32 of 2nd period - Stopped by Brad Thiessen without a rebound.
11:33 of 2nd period - Casey Cizikas wins face-off versus Tommy Wingels in Senators zone.
12:06 of 2nd period - Snap shot by Chris Thorburn.
12:06 of 2nd period - Shot Blocked by Oscar Sundqvist.
12:42 of 2nd period - Snap shot by Tomas Jurco.
12:42 of 2nd period - Stopped by Niklas Svedberg without a rebound.
12:43 of 2nd period - Zemgus Girgensons wins face-off versus Casey Cizikas in Punishers zone.
12:48 of 2nd period - Snap shot by Phil Di Giuseppe.
12:48 of 2nd period - Shot Misses the Net.
12:50 of 2nd period - Slapshot by Ian Cole.
12:50 of 2nd period - Shot Blocked by Stefan Elliott.
12:56 of 2nd period - Backhand shot by Ian Cole.
12:56 of 2nd period - Stopped by Niklas Svedberg without a rebound.
12:57 of 2nd period - Stephane Da Costa wins face-off versus Luke Adam in Punishers zone.
13:22 of 2nd period - Tommy Wingels is hit by Colton Gillies and loses puck.
13:51 of 2nd period - Wrist shot by Garret Ross.
13:51 of 2nd period - Stopped by Brad Thiessen with a rebound.
14:13 of 2nd period - Snap shot by Matt Frattin.
14:13 of 2nd period - Shot Misses the Net.
14:15 of 2nd period - Wrist shot by Matt Frattin.
14:15 of 2nd period - Stopped by Niklas Svedberg without a rebound.
14:16 of 2nd period - Luke Adam wins face-off versus Stephane Da Costa in Punishers zone.
14:44 of 2nd period - Wrist shot by Colton Gillies.
14:44 of 2nd period - Deflect By Casey Cizikas.
14:44 of 2nd period - Stopped by Brad Thiessen with a rebound.
14:46 of 2nd period - Slapshot by Jordan Schmaltz.
14:46 of 2nd period - Stopped by Brad Thiessen without a rebound.
14:47 of 2nd period - Shane Prince wins face-off versus Casey Cizikas in Senators zone.
14:47 of 2nd period - Shane Prince is hit by Casey Cizikas.
14:59 of 2nd period - Snap shot by Marc-André Bernier.
14:59 of 2nd period - Stopped by Niklas Svedberg with a rebound.
15:01 of 2nd period - Wrist shot by Ryan Dzingel.
15:01 of 2nd period - Shot Misses the Net.
15:03 of 2nd period - Slapshot by Logan Stephenson.
15:03 of 2nd period - Shot Blocked by Mattias Tedenby.
15:05 of 2nd period - Slapshot by Jeff Petry.
15:05 of 2nd period - Stopped by Niklas Svedberg without a rebound.
15:06 of 2nd period - Luke Adam wins face-off versus Stephane Da Costa in Punishers zone.
15:06 of 2nd period - Luke Adam is hit by Ian Cole.
15:11 of 2nd period - Icing by David Laliberté.
15:12 of 2nd period - Stephane Da Costa wins face-off versus Luke Adam in Punishers zone.
15:42 of 2nd period - Slapshot by Arturs Kulda.
15:42 of 2nd period - Shot Blocked by David Rundblad.
16:00 of 2nd period - Snap shot by Marc-André Bernier.
16:00 of 2nd period - Deflect By Shane Prince.
16:00 of 2nd period - Shot Misses the Net.
16:00 of 2nd period - Puck is out of play.
16:01 of 2nd period - Shane Prince wins face-off versus Oscar Sundqvist in Punishers zone.
16:28 of 2nd period - Gabriel Bourque is hit by David Laliberté and loses puck.
16:37 of 2nd period - Slapshot by David Laliberté.
16:37 of 2nd period - Stopped by Brad Thiessen without a rebound.
16:38 of 2nd period - Matt Frattin wins face-off versus Casey Cizikas in Senators zone.
16:38 of 2nd period - Matt Frattin is hit by Colton Gillies.
16:48 of 2nd period - Wrist shot by Matt Frattin.
16:48 of 2nd period - Stopped by Niklas Svedberg with a rebound.
16:50 of 2nd period - Wrist shot by Matt Frattin.
16:50 of 2nd period - Stopped by Niklas Svedberg with a rebound.
16:52 of 2nd period - Wrist shot by Tommy Wingels.
16:52 of 2nd period - Shot Misses the Net.
16:54 of 2nd period - Snap shot by Ian Cole.
16:54 of 2nd period - Stopped by Niklas Svedberg without a rebound.
16:55 of 2nd period - Luke Adam wins face-off versus Stephane Da Costa in Punishers zone.
17:20 of 2nd period - Mattias Tedenby is hit by Patrick Bordeleau and loses puck.
17:36 of 2nd period - Minor Penalty to Mattias Tedenby for Boarding.
17:37 of 2nd period - Robbie Earl wins face-off versus Stephane Da Costa in Punishers zone.
19:12 of 2nd period - Luke Adam is hit by Patrick Bordeleau and loses puck.
19:31 of 2nd period - Nick Schultz is hit by Jeff Petry and loses puck.
19:36 of 2nd period - Penalty to Mattias Tedenby is over, Mattias Tedenby is back on ice.
19:58 of 2nd period - Slapshot by Logan Stephenson.
19:58 of 2nd period - Stopped by Niklas Svedberg without a rebound.
19:59 of 2nd period - Casey Cizikas wins face-off versus Zemgus Girgensons in Punishers zone.
Goals for this period are 1 for Punishers vs 2 for Senators.
Shots for this period are 16 for Punishers vs 17 for Senators.
3rd period
0:01 of 3rd period - Stephane Da Costa wins face-off versus Robbie Earl in neutral zone.
0:08 of 3rd period - Slapshot by Chris Thorburn.
0:08 of 3rd period - Stopped by Niklas Svedberg with a rebound.
0:10 of 3rd period - Snap shot by Chris Thorburn.
0:10 of 3rd period - Goal by Chris Thorburn - Punishers : 1 - Senators : 4.
0:11 of 3rd period - Stephane Da Costa wins face-off versus David Laliberté in neutral zone.
0:13 of 3rd period - Ian Cole is hit by Luke Adam and loses puck.
0:42 of 3rd period - Backhand shot by Mattias Tedenby.
0:42 of 3rd period - Shot Misses the Net.
1:10 of 3rd period - Slapshot by Marc-André Bernier.
1:10 of 3rd period - Stopped by Niklas Svedberg with a rebound.
1:26 of 3rd period - Slapshot by David Laliberté.
1:26 of 3rd period - Goal by David Laliberté - Punishers : 2 - Senators : 4.
1:27 of 3rd period - Luke Adam wins face-off versus Chris Thorburn in neutral zone.
1:56 of 3rd period - Slapshot by Gabriel Bourque.
1:56 of 3rd period - Stopped by Niklas Svedberg with a rebound.
2:05 of 3rd period - Off-side.
2:06 of 3rd period - Tommy Wingels wins face-off versus Oscar Sundqvist in neutral zone.
2:11 of 3rd period - Slapshot by Ian Cole.
2:11 of 3rd period - Deflect By Matt Frattin.
2:11 of 3rd period - Shot Misses the Net.
2:11 of 3rd period - Puck is out of play.
2:12 of 3rd period - Tommy Wingels wins face-off versus Oscar Sundqvist in Punishers zone.
2:15 of 3rd period - Slapshot by Tommy Wingels.
2:15 of 3rd period - Stopped by Niklas Svedberg with a rebound.
2:20 of 3rd period - Icing by Miikka Salomaki.
2:21 of 3rd period - Chris Thorburn wins face-off versus Miikka Salomaki in Punishers zone.
2:22 of 3rd period - Wrist shot by Gabriel Bourque.
2:22 of 3rd period - Stopped by Niklas Svedberg without a rebound.
2:23 of 3rd period - Stephane Da Costa wins face-off versus Luke Adam in Punishers zone.
2:36 of 3rd period - Snap shot by Gabriel Bourque.
2:36 of 3rd period - Stopped by Niklas Svedberg with a rebound.
2:54 of 3rd period - Wrist shot by Mattias Tedenby.
2:54 of 3rd period - Deflect By Colton Gillies.
2:54 of 3rd period - Shot Misses the Net.
2:54 of 3rd period - Puck is out of play.
2:55 of 3rd period - Stephane Da Costa wins face-off versus Casey Cizikas in Senators zone.
3:20 of 3rd period - Tommy Wingels is hit by Robbie Earl and loses puck.
3:47 of 3rd period - Wrist shot by Miikka Salomaki.
3:47 of 3rd period - Shot Misses the Net.
4:05 of 3rd period - Slapshot by Radek Faksa.
4:05 of 3rd period - Stopped by Brad Thiessen with a rebound.
4:07 of 3rd period - Slapshot by David Rundblad.
4:07 of 3rd period - Stopped by Brad Thiessen with a rebound.
4:09 of 3rd period - Slapshot by Nick Schultz.
4:09 of 3rd period - Stopped by Brad Thiessen with a rebound.
4:11 of 3rd period - Snap shot by Robbie Earl.
4:11 of 3rd period - Goal by Robbie Earl - Punishers : 3 - Senators : 4.
4:12 of 3rd period - Stephane Da Costa wins face-off versus Luke Adam in neutral zone.
4:26 of 3rd period - Slapshot by Nick Schultz.
4:26 of 3rd period - Stopped by Brad Thiessen without a rebound.
4:27 of 3rd period - Luke Adam wins face-off versus Patrick Bordeleau in Senators zone.
4:28 of 3rd period - Snap shot by David Laliberté.
4:28 of 3rd period - Stopped by Brad Thiessen without a rebound.
4:29 of 3rd period - Tommy Wingels wins face-off versus Luke Adam in Senators zone.
4:34 of 3rd period - Robbie Earl is hit by Ian Cole and loses puck.
4:55 of 3rd period - Mattias Tedenby is hit by Gabriel Bourque and loses puck.
5:56 of 3rd period - Mattias Tedenby is hit by Patrick Bordeleau and loses puck.
6:27 of 3rd period - Wrist shot by Stephane Da Costa.
6:27 of 3rd period - Shot Misses the Net.
6:39 of 3rd period - Wrist shot by Casey Cizikas.
6:39 of 3rd period - Deflect By Dylan Blujus.
6:39 of 3rd period - Shot Blocked by Dylan Blujus.
6:39 of 3rd period - Puck is out of play.
6:40 of 3rd period - Luke Adam wins face-off versus Shane Prince in Senators zone.
6:54 of 3rd period - Snap shot by Marc-André Bernier.
6:54 of 3rd period - Shot Misses the Net.
7:09 of 3rd period - Snap shot by Ian Cole.
7:09 of 3rd period - Shot Misses the Net.
7:17 of 3rd period - Snap shot by Robbie Earl.
7:17 of 3rd period - Shot Misses the Net.
7:27 of 3rd period - Snap shot by David Laliberté.
7:27 of 3rd period - Shot Misses the Net.
7:29 of 3rd period - Slapshot by David Laliberté.
7:29 of 3rd period - Stopped by Brad Thiessen with a rebound.
7:31 of 3rd period - Snap shot by Luke Adam.
7:31 of 3rd period - Stopped by Brad Thiessen without a rebound.
7:32 of 3rd period - Casey Cizikas wins face-off versus Stephane Da Costa in Senators zone.
7:39 of 3rd period - Snap shot by Mattias Tedenby.
7:39 of 3rd period - Shot Blocked by Gabriel Bourque.
7:41 of 3rd period - Slapshot by Adam McQuaid.
7:41 of 3rd period - Stopped by Brad Thiessen with a rebound.
7:43 of 3rd period - Slapshot by Casey Cizikas.
7:43 of 3rd period - Stopped by Brad Thiessen without a rebound.
7:44 of 3rd period - Colton Gillies wins face-off versus Stephane Da Costa in Senators zone.
8:09 of 3rd period - Adam McQuaid is hit by Arturs Kulda and loses puck.
8:32 of 3rd period - Slapshot by Matt Frattin.
8:32 of 3rd period - Stopped by Niklas Svedberg with a rebound.
8:38 of 3rd period - Wrist shot by Patrick Bordeleau.
8:38 of 3rd period - Shot Misses the Net.
8:40 of 3rd period - Wrist shot by Logan Stephenson.
8:40 of 3rd period - Stopped by Niklas Svedberg with a rebound.
8:42 of 3rd period - Slapshot by Logan Stephenson.
8:42 of 3rd period - Shot Blocked by Stefan Elliott.
9:23 of 3rd period - Wrist shot by Chris Thorburn.
9:23 of 3rd period - Goal by Chris Thorburn - Punishers : 3 - Senators : 5.
9:24 of 3rd period - Stephane Da Costa wins face-off versus Luke Adam in neutral zone.
9:36 of 3rd period - Minor Penalty to David Laliberté for Elbowing.
9:37 of 3rd period - Stephane Da Costa wins face-off versus Garret Ross in Punishers zone.
11:36 of 3rd period - Penalty to David Laliberté is over, David Laliberté is back on ice.
11:57 of 3rd period - Wrist shot by Tomas Jurco.
11:57 of 3rd period - Shot Blocked by Oscar Sundqvist.
11:59 of 3rd period - Wrist shot by Ian Cole.
11:59 of 3rd period - Stopped by Niklas Svedberg with a rebound.
13:41 of 3rd period - Slapshot by David Laliberté.
13:41 of 3rd period - Shot Misses the Net.
13:56 of 3rd period - Tomas Jurco is hit by Garret Ross and loses puck.
14:15 of 3rd period - Snap shot by Phil Di Giuseppe.
14:15 of 3rd period - Stopped by Niklas Svedberg without a rebound.
14:16 of 3rd period - Stephane Da Costa wins face-off versus Casey Cizikas in Punishers zone.
14:21 of 3rd period - Wrist shot by Chris Thorburn.
14:21 of 3rd period - Goal by Chris Thorburn - Punishers : 3 - Senators : 6.
14:22 of 3rd period - Casey Cizikas wins face-off versus Stephane Da Costa in neutral zone.
14:24 of 3rd period - Minor Penalty to Colton Gillies for Delaying the game.
14:25 of 3rd period - Stephane Da Costa wins face-off versus Robbie Earl in Punishers zone.
14:33 of 3rd period - Snap shot by Gabriel Bourque.
14:33 of 3rd period - Shot Blocked by David Rundblad.
14:35 of 3rd period - Backhand shot by Arturs Kulda.
14:35 of 3rd period - Stopped by Niklas Svedberg with a rebound.
14:37 of 3rd period - Snap shot by Stephane Da Costa.
14:37 of 3rd period - Shot Misses the Net.
14:39 of 3rd period - Snap shot by Gabriel Bourque.
14:39 of 3rd period - Goal by Gabriel Bourque - Punishers : 3 - Senators : 7.
14:40 of 3rd period - Stephane Da Costa wins face-off versus Luke Adam in neutral zone.
14:42 of 3rd period - Off-side.
14:43 of 3rd period - Gabriel Bourque wins face-off versus Luke Adam in neutral zone.
15:11 of 3rd period - Minor Penalty to Casey Cizikas for Interference.
15:12 of 3rd period - Stephane Da Costa wins face-off versus Robbie Earl in Punishers zone.
15:44 of 3rd period - Icing by Arturs Kulda.
15:45 of 3rd period - Robbie Earl wins face-off versus Matt Frattin in Senators zone.
16:08 of 3rd period - Snap shot by Gabriel Bourque.
16:08 of 3rd period - Shot Misses the Net.
16:10 of 3rd period - Slapshot by Stephane Da Costa.
16:10 of 3rd period - Deflect By Gabriel Bourque.
16:10 of 3rd period - Stopped by Niklas Svedberg without a rebound.
16:11 of 3rd period - Robbie Earl wins face-off versus Tommy Wingels in Punishers zone.
16:46 of 3rd period - Snap shot by Gabriel Bourque.
16:46 of 3rd period - Shot Blocked by Luke Adam.
17:11 of 3rd period - Penalty to Casey Cizikas is over, Casey Cizikas is back on ice.
17:27 of 3rd period - David Laliberté is hit by Ryan Dzingel.
18:19 of 3rd period - Slapshot by Robbie Earl.
18:19 of 3rd period - Shot Misses the Net.
18:21 of 3rd period - Slapshot by Adam McQuaid.
18:21 of 3rd period - Deflect By David Laliberté.
18:21 of 3rd period - Goal by David Laliberté - Punishers : 4 - Senators : 7.
18:22 of 3rd period - Oscar Sundqvist wins face-off versus Chris Thorburn in neutral zone.
18:27 of 3rd period - Snap shot by Garret Ross.
18:27 of 3rd period - Stopped by Brad Thiessen with a rebound.
18:35 of 3rd period - Snap shot by Stephane Da Costa.
18:35 of 3rd period - Stopped by Niklas Svedberg without a rebound.
18:36 of 3rd period - Stephane Da Costa wins face-off versus Garret Ross in Punishers zone.
19:10 of 3rd period - Slapshot by Arturs Kulda.
19:10 of 3rd period - Stopped by Niklas Svedberg without a rebound.
19:11 of 3rd period - Oscar Sundqvist wins face-off versus Tommy Wingels in Punishers zone.
Goals for this period are 3 for Punishers vs 4 for Senators.
Shots for this period are 13 for Punishers vs 18 for Senators.
Back to the Top